[Event "Titled Tuesday Blitz April 4 Early 2023"]
[White "Shvedova, Alexandra"]
[Black "Dehtiarov, Roman"]
[WhiteFideId "54154782"]
[BlackFideId "14186640"]
[WhiteElo "2057"]
[BlackElo "2189"]
[Result "1/2-1/2"]
[Round "01"]
[TimeControl "180+2"]
[Date "2023.04.04"]
[WhiteClock "0:00:11"]
[BlackClock "0:00:10"]

1. d4 Nf6 2. c4 e6 3. Nf3 b6 4. g3 Ba6 5. Qc2 c5 6. Bg2 Bb7 7. O-O d6 8. Nc3 Be7 9. e4 O-O 10. d5 e5 11. h3 a6 12. a4 Nbd7 13. Be3 Ne8 14. Nd2 Bf6 15. Kh2 g6 16. f4 Bg7 17. Nf3 exf4 18. gxf4 f5 19. Ng5 Nc7 20. exf5 Rxf5 21. Be4 Rf8 22. Ne6 Nxe6 23. dxe6 Bxe4 24. Qxe4 Nf6 25. e7 Nxe4 26. exd8=Q Raxd8 27. Nxe4 Rfe8 28. Bxc5 dxc5 29. Rfe1 h6 30. a5 bxa5 31. Nxc5 Rxe1 32. Rxe1 Rd2+ 33. Kg3 Bd4 34. Ne4 Rxb2 35. Rd1 Rb3+ 36. Kg4 Bg7 37. Rd6 Kh7 38. Rxa6 Rb4 39. Rxa5 Rxc4 40. Nd6 Rc3 41. Ne4 Re3 42. Ra4 h5+ 43. Kh4 Kh6 44. Rc4 Bf8 45. Ng5 Be7 46. Rc7 Re4 47. Kg3 Bxg5 48. fxg5+ Kxg5 49. Rc5+ Kh6 50. Rc6 Ra4 51. Rb6 Ra8 52. Rc6 Rf8 53. Rb6 Kg5 54. Rb5+ Rf5 55. Rb6 h4+ 56. Kg2 Ra5 57. Rb4 Ra2+ 58. Kg1 Kh5 59. Rb5+ g5 60. Rb4 Kg6 61. Rc4 Kf5 62. Rb4 Re2 63. Ra4 Re4 64. Ra8 Kf4 65. Rg8 Rb4 66. Kg2 Rb2+ 67. Kg1 Rb5 68. Kg2 Kf5 69. Rg7 Rb6 70. Rg8 Rf6 71. Rg7 Kf4 72. Rg8 Re6 73. Rf8+ Ke5 74. Rg8 Kf5 75. Rf8+ Kg6 76. Rg8+ Kf6 77. Rf8+ Kg7 78. Rf5 Kg6 79. Rf8 Rb6 80. Rg8+ Kf5 81. Rf8+ Rf6 82. Rg8 Kf4 83. Rg7 Rf5 84. Rg8 Re5 85. Rf8+ Rf5 86. Rg8 Rb5 87. Rf8+ Ke4 88. Re8+ Re5 89. Rg8 Ke3 90. Rg7 Ke2 91. Rg8 Kd3 92. Rg7 Kd4 93. Rg8 Ke4 94. Rg7 Kf5 95. Rg8 Re6 96. Rf8+ Kg6 97. Rg8+ Kf6 98. Rf8+ Kg7 99. Rf5 Kh6 100. Rf8 Re7 101. Rf5 Ra7 102. Rf8 Kg6 103. Rg8+ Rg7 104. Rf8 Kh7 105. Rf5 Kh6 106. Rf6+ Kh5 107. Rf8 Rg6 108. Rh8+ Rh6 109. Rg8 Rb6 1/2-1/2


[Site "https://www.chess.com"]

[Event "Titled Tuesday Blitz April 4 Early 2023"]
[White "Aitbayev, Aslan"]
[Black "Ronka, Erik"]
[WhiteFideId "13704613"]
[BlackFideId "505080"]
[WhiteElo "2325"]
[BlackElo "2264"]
[Result "1-0"]
[Round "01"]
[TimeControl "180+2"]
[Date "2023.04.04"]
[WhiteClock "0:00:27"]
[BlackClock "0:00:09"]

1. Nf3 d5 2. c4 c6 3. e3 Nf6 4. d4 Bf5 5. Nc3 a6 6. Be2 e6 7. O-O h6 8. b3 Nbd7 9. Bb2 Bd6 10. Bd3 Bxd3 11. Qxd3 Bb4 12. a3 Bxc3 13. Bxc3 O-O 14. a4 c5 15. Rfd1 Rc8 16. Bb2 cxd4 17. Qxd4 dxc4 18. bxc4 Qb6 19. Ba3 Rfe8 20. Rab1 Qxd4 21. Rxd4 e5 22. Rdd1 Rxc4 23. Rxb7 Rxa4 24. Bb2 e4 25. Nh4 Kh7 26. Nf5 Ne5 27. Nd6 Re6 28. Nxf7 Nxf7 29. Rxf7 Ra2 30. Bd4 a5 31. h3 a4 32. Ra7 Rc6 33. Rb1 Kg6 34. Rbb7 Rc1+ 35. Kh2 Rxf2 36. Rxg7+ Kf5 37. Bxf6 Rcc2 38. Bd4 a3 39. Rxa3 h5 40. Ra6 Rxg2+ 41. Rxg2 Rxg2+ 42. Kxg2 h4 43. Ra5+ Kg6 44. Re5 Kh6 45. Rxe4 Kh5 46. Rg4 Kh6 47. e4 Kh5 48. e5 Kh6 49. e6 Kh5 50. e7 Kh6 51. e8=Q Kh7 52. Qh8# 1-0


[Site "https://www.chess.com"]

[Event "Titled Tuesday Blitz April 4 Early 2023"]
[White "Vafin, Ayrat"]
[Black "Salgado Lopez, Ivan"]
[WhiteFideId "4146530"]
[BlackFideId "2257327"]
[WhiteElo "2317"]
[BlackElo "2571"]
[Result "1-0"]
[Round "01"]
[TimeControl "180+2"]
[Date "2023.04.04"]
[WhiteClock "0:01:12"]
[BlackClock "0:01:23"]

1. Nf3 d5 2. g3 e6 3. Bg2 Nf6 4. c4 Be7 5. b3 O-O 6. Bb2 c5 7. O-O d4 8. e3 Nc6 9. exd4 cxd4 10. Re1 a5 11. a3 Ra6 12. Ne5 Nxe5 13. Rxe5 Nd7 14. Re1 e5 15. d3 f6 16. Nd2 Rb6 17. Ne4 f5 18. Nd2 Qc7 19. Bxd4 Bc5 20. Bd5+ Kh8 21. Bxc5 Nxc5 22. Nf3 e4 23. dxe4 Nxe4 24. Qc2 Qf7 25. Bxf7 1-0


[Site "https://www.chess.com"]

[Event "Titled Tuesday Blitz April 4 Early 2023"]
[White "Narayanan, Srinath"]
[Black "M_Bozorov"]
[WhiteFideId "5018420"]
[WhiteElo "2438"]
[BlackElo "2433"]
[Result "1-0"]
[Round "01"]
[TimeControl "180+2"]
[Date "2023.04.04"]
[WhiteClock "0:00:27"]
[BlackClock "0:00:01"]

1. Nf3 Nf6 2. c4 g6 3. Nc3 Bg7 4. g3 O-O 5. Bg2 c6 6. d4 d5 7. cxd5 cxd5 8. Ne5 Ng4 9. Nxg4 Bxg4 10. Nxd5 Nc6 11. Ne3 Bd7 12. d5 Nd4 13. Nc2 Nxc2+ 14. Qxc2 Qb6 15. O-O Rac8 16. Qe4 e6 17. dxe6 Bxe6 18. Qxb7 Qxb7 19. Bxb7 Rc2 20. Bf3 Bxb2 21. Bxb2 Rxb2 22. a4 Rc8 23. a5 h5 24. h4 Bg4 25. Bxg4 hxg4 26. e3 Rcc2 27. Ra4 f5 28. Rf4 Ra2 29. Rd1 Rc6 30. e4 Rxa5 31. exf5 gxf5 32. Kg2 Kg7 33. Rd7+ Kg6 34. Rb4 Ra2 35. Rd5 Rcc2 36. Rf4 Rc6 37. Rdxf5 a5 38. Rg5+ Kh6 39. Rgxg4 a4 40. Rxa4 Rb2 41. Raf4 Rcc2 42. Rg5 Kh7 43. Rf6 Rd2 44. h5 Rdc2 45. g4 Rd2 46. Kg3 Rd3+ 47. f3 Rbb3 48. Rgg6 1-0


[Site "https://www.chess.com"]

[Event "Titled Tuesday Blitz April 4 Early 2023"]
[White "Maxfan2008"]
[Black "Zhao, Jun"]
[BlackFideId "8602522"]
[WhiteElo "2433"]
[BlackElo "2547"]
[Result "0-1"]
[Round "01"]
[TimeControl "180+2"]
[Date "2023.04.04"]
[WhiteClock "0:01:37"]
[BlackClock "0:02:01"]

1. d4 Nf6 2. c4 e6 3. Nc3 Bb4 4. Nf3 d5 5. cxd5 exd5 6. Bg5 h6 7. Bh4 c5 8. e3 c4 9. Be2 O-O 10. O-O Bxc3 11. bxc3 g5 12. Bg3 Bf5 13. Ne5 Ne4 14. Qe1 Nd7 15. f4 f6 16. Nxd7 Qxd7 17. Bf3 b5 18. Bxe4 Bxe4 19. fxg5 hxg5 20. Rf2 Rae8 21. Qd1 Bd3 22. Rf3 a5 23. Bf2 b4 24. Rh3 bxc3 25. Qh5 Qg7 26. Rc1 c2 27. Be1 Rb8 28. Bxa5 Rb1 29. Bd2 c3 30. Bxc3 Rxc1+ 31. Kf2 Rf1+ 32. Kg3 Qc7+ 33. Kg4 Bf5# 0-1


[Site "https://www.chess.com"]

[Event "Titled Tuesday Blitz April 4 Early 2023"]
[White "Boyer, Mahel"]
[Black "Kashtanov, Ruslan"]
[WhiteFideId "45102422"]
[BlackFideId "4124871"]
[WhiteElo "2439"]
[BlackElo "2276"]
[Result "1-0"]
[Round "01"]
[TimeControl "180+2"]
[Date "2023.04.04"]
[WhiteClock "0:00:41"]
[BlackClock "0:00:01"]

1. e4 c5 2. d3 Nc6 3. g3 g6 4. Bg2 Bg7 5. f4 d6 6. Nf3 f5 7. O-O Nh6 8. c3 O-O 9. h3 c4 10. dxc4 fxe4 11. Ng5 Kh8 12. Nxe4 Kg8 13. g4 Kh8 14. Be3 Be6 15. Nbd2 d5 16. Ng5 Bg8 17. cxd5 Bxd5 18. Bxd5 Qxd5 19. Qb3 Qd3 20. Rae1 e5 21. Qc4 Qd7 22. Nde4 exf4 23. Bxf4 Rae8 24. Nd6 Rxe1 25. Rxe1 Rxf4 26. Qxf4 Be5 27. Qf8+ 1-0


[Site "https://www.chess.com"]

[Event "Titled Tuesday Blitz April 4 Early 2023"]
[White "Hindermann, Felix"]
[Black "Gokerkan, Cem Kaan"]
[WhiteFideId "1305212"]
[BlackFideId "6336760"]
[WhiteElo "2206"]
[BlackElo "2365"]
[Result "0-1"]
[Round "01"]
[TimeControl "180+2"]
[Date "2023.04.04"]
[WhiteClock "0:00:05"]
[BlackClock "0:00:12"]

1. e4 e5 2. Nf3 Nf6 3. Nc3 Nc6 4. Bb5 Bb4 5. O-O O-O 6. d3 d6 7. Bg5 h6 8. Bxf6 Qxf6 9. Nd5 Qd8 10. Bxc6 bxc6 11. Nxb4 a5 12. Nxc6 Qe8 13. Ncxe5 dxe5 14. Nd2 Be6 15. b3 a4 16. Nc4 f6 17. Qd2 Qc6 18. f4 exf4 19. Qxf4 Rfd8 20. h3 Ra6 21. Kh2 Rda8 22. Rae1 axb3 23. axb3 Ra2 24. Rf2 Rd8 25. Re3 Qc5 26. Rg3 Kh8 27. Ne3 Rd7 28. Ng4 Bxg4 29. Qxg4 Qd6 30. Qg6 Re7 31. Qg4 Qd4 32. Qf4 Ra1 33. Rg6 Kh7 34. Qf5 Kh8 35. g3 Re5 36. Qc8+ Kh7 37. Rfxf6 Qg1# 0-1


[Site "https://www.chess.com"]

[Event "Titled Tuesday Blitz April 4 Early 2023"]
[White "Samunenkov, Ihor"]
[Black "Meduri, Aakaash"]
[WhiteFideId "14187086"]
[BlackFideId "2032252"]
[WhiteElo "2457"]
[BlackElo "2113"]
[Result "1-0"]
[Round "01"]
[TimeControl "180+2"]
[Date "2023.04.04"]
[WhiteClock "0:00:37"]
[BlackClock "0:00:32"]

1. d4 f5 2. Bg5 h6 3. Bh4 g5 4. Bg3 Nf6 5. e3 Bg7 6. Nc3 d6 7. Bc4 e6 8. h4 g4 9. Nge2 O-O 10. Nf4 Qe8 11. h5 a6 12. a4 Nc6 13. Qd2 Kh7 14. Qe2 e5 15. Ng6 Rf7 16. Bxf7 Qxf7 17. dxe5 dxe5 18. Nxe5 Nxe5 19. Bxe5 Be6 20. O-O-O b5 21. e4 f4 22. Nd5 bxa4 23. Nxf6+ Bxf6 24. Bxf6 Qxf6 25. e5 Qf8 26. Qe4+ Kh8 27. Qg6 a3 28. Qxe6 1-0


[Site "https://www.chess.com"]

[Event "Titled Tuesday Blitz April 4 Early 2023"]
[White "Vivas Zamora, Fabian Ernesto"]
[Black "Remizov, Yaroslav"]
[WhiteFideId "3902480"]
[BlackFideId "34134015"]
[WhiteElo "2262"]
[BlackElo "2412"]
[Result "1/2-1/2"]
[Round "01"]
[TimeControl "180+2"]
[Date "2023.04.04"]
[WhiteClock "0:00:11"]
[BlackClock "0:00:09"]

1. e4 c6 2. Nf3 d5 3. Nc3 dxe4 4. Nxe4 Nf6 5. Qe2 Nxe4 6. Qxe4 Qd5 7. Qh4 Qe6+ 8. Be2 Qg6 9. O-O Qxc2 10. b3 Qf5 11. Nd4 Qf6 12. Qe4 Nd7 13. Bb2 Qg6 14. Qe3 Nf6 15. Bf3 Bd7 16. Rac1 e6 17. Ne2 Be7 18. Ng3 O-O 19. h4 Nd5 20. Bxd5 cxd5 21. h5 Qg5 22. Rc7 Rfd8 23. Rxb7 Qxe3 24. dxe3 Bd6 25. Rc1 Bc8 26. Rb5 Bd7 27. Rb7 f6 28. Bd4 Kf8 29. h6 Be7 30. hxg7+ Kxg7 31. Nh5+ Kf7 32. Rcc7 Ke8 33. Bxf6 Rac8 34. Bxe7 Rxc7 35. Rxc7 Kxe7 36. Rxa7 Kd6 37. Nf4 Rc8 38. Ra6+ Ke7 39. Nd3 Rc3 40. Ne5 Rc1+ 41. Kh2 Bb5 42. Ra7+ Kd6 43. Nf3 Bd3 44. Ra6+ Ke7 45. Ra7+ Kd6 46. Kg3 e5 47. Rg7 Bg6 48. Ra7 Rc2 49. Ng5 d4 50. exd4 exd4 51. Ra6+ Kc5 52. Ra8 d3 53. Rd8 Kb4 54. Ne6 Kc3 55. Nf4 d2 56. a4 Rc1 57. Ne2+ Kb2 58. Rxd2+ Rc2 59. Rxc2+ Bxc2 60. Nd4 Bd1 61. a5 Kc3 62. a6 Bxb3 63. a7 Bd5 64. Nb5+ Kc4 65. Nc7 Bb7 66. a8=Q Bxa8 67. Nxa8 Kd5 68. Kf4 Ke6 69. Kg5 Kf7 70. f4 Kg8 71. Kh6 Kf7 72. g4 Kg8 73. Nb6 Kf7 74. Nd5 Kg8 75. g5 Kh8 76. Nf6 1/2-1/2


[Site "https://www.chess.com"]

[Event "Titled Tuesday Blitz April 4 Early 2023"]
[White "Wagner, Dennis"]
[Black "Goncalves, Davi Sulzbacher"]
[WhiteFideId "24650684"]
[BlackFideId "2154510"]
[WhiteElo "2470"]
[BlackElo "2182"]
[Result "1-0"]
[Round "01"]
[TimeControl "180+2"]
[Date "2023.04.04"]
[WhiteClock "0:00:25"]
[BlackClock "0:00:15"]

1. d4 Nf6 2. Nf3 g6 3. g3 Bg7 4. Bg2 O-O 5. O-O d5 6. c3 c6 7. a4 a5 8. Bf4 Bf5 9. Nbd2 Qb6 10. Qc1 Nbd7 11. Nh4 Bg4 12. Re1 c5 13. h3 Be6 14. Nhf3 Rfc8 15. g4 Ne4 16. e3 h6 17. Ra3 g5 18. Bh2 Qa6 19. Bf1 Qa7 20. Qb1 Nxd2 21. Nxd2 Rf8 22. Bd3 Rac8 23. Nf3 b6 24. Kg2 Nf6 25. Be5 Qb7 26. Bc2 Ne4 27. Rb3 f6 28. Bh2 f5 29. Ne5 Bxe5 30. Bxe5 c4 31. Rb5 Bd7 32. gxf5 Bxb5 33. axb5 Rxf5 34. f3 Nd6 35. Bxf5 Nxf5 36. Qxf5 Rf8 37. Qg6# 1-0


[Site "https://www.chess.com"]

[Event "Titled Tuesday Blitz April 4 Early 2023"]
[White "Kielinkei"]
[Black "Kilic, Eray"]
[BlackFideId "44517173"]
[WhiteElo "2426"]
[BlackElo "2328"]
[Result "0-1"]
[Round "01"]
[TimeControl "180+2"]
[Date "2023.04.04"]
[WhiteClock "0:00:08"]
[BlackClock "0:00:49"]

1. Nf3 Nf6 2. g3 g6 3. Bg2 Bg7 4. d4 O-O 5. O-O d6 6. c4 Nbd7 7. Nc3 e5 8. e4 exd4 9. Nxd4 Nc5 10. Re1 Re8 11. h3 Bd7 12. b4 Ne6 13. Be3 Qc8 14. Kh2 a5 15. Nxe6 Bxe6 16. Qb3 c6 17. Rad1 b5 18. Bf1 axb4 19. Qxb4 bxc4 20. Qxd6 Nd7 21. Bd4 Bf8 22. Qf4 Ra3 23. Re3 c5 24. Bf6 Nxf6 25. Qxf6 Bg7 26. Qf4 Rxc3 0-1


[Site "https://www.chess.com"]

[Event "Titled Tuesday Blitz April 4 Early 2023"]
[White "Flores, Diego"]
[Black "Chandreyee, Hajra"]
[WhiteFideId "108049"]
[BlackFideId "5056535"]
[WhiteElo "2613"]
[BlackElo "1725"]
[Result "1-0"]
[Round "01"]
[TimeControl "180+2"]
[Date "2023.04.04"]
[WhiteClock "0:01:48"]
[BlackClock "0:01:59"]

1. d4 e6 2. c4 f5 3. a3 Nf6 4. Nc3 Be7 5. g3 O-O 6. Bg2 c6 7. d5 d6 8. Nh3 e5 9. O-O c5 10. Ng5 h6 11. Ne6 Bxe6 12. dxe6 Nc6 13. e4 fxe4 14. Nxe4 Rb8 15. Be3 Nxe4 16. Bxe4 Bg5 17. Bxg5 hxg5 18. Qh5 1-0


[Site "https://www.chess.com"]

[Event "Titled Tuesday Blitz April 4 Early 2023"]
[White "Moral Garcia, Serafin"]
[Black "Hasangatin, Ramil"]
[WhiteFideId "2201925"]
[BlackFideId "4122160"]
[WhiteElo "2274"]
[BlackElo "2275"]
[Result "1-0"]
[Round "01"]
[TimeControl "180+2"]
[Date "2023.04.04"]
[WhiteClock "0:00:06"]
[BlackClock "0:00:01"]

1. Nf3 d6 2. b3 e5 3. Bb2 c5 4. e3 Nc6 5. c4 f5 6. d4 cxd4 7. exd4 e4 8. Nfd2 d5 9. Nc3 Nf6 10. cxd5 Nxd5 11. Nxd5 Qxd5 12. Bc4 Qd8 13. d5 Nb4 14. O-O Qg5 15. a3 Na6 16. Bxa6 bxa6 17. Nc4 Bd7 18. Be5 Be7 19. d6 Bf6 20. Qd5 Rd8 21. f3 exf3 22. Rxf3 Kf8 23. Raf1 Re8 24. Bxf6 gxf6 25. Qb7 Qg7 26. Rg3 Qf7 27. Qxa7 Rg8 28. Rxg8+ Kxg8 29. Qxa6 Qd5 30. Qa5 Qd4+ 31. Kh1 Qd3 32. Rg1 f4 33. Qc7 Qf5 34. Qb6 Re2 35. Qd8+ Kf7 36. Qa8 f3 37. Qxf3 Qxf3 38. gxf3 Bc6 39. Rf1 Ke6 40. Kg1 Kd7 41. Rf2 Re1+ 42. Kg2 Re8 43. Rd2 Rg8+ 44. Kf2 Rb8 45. b4 Bb5 46. Ne3 Ra8 47. Ra2 Ba4 48. Nc4 Rb8 49. Re2 Bb3 50. Re7+ Kc6 51. Nd2 Kxd6 52. Rxh7 Be6 53. Rh4 Ra8 54. b5 Bd5 55. a4 Kc5 56. Ke3 Re8+ 57. Ne4+ Kb6 58. Kd4 Bb7 59. Rh6 Ka5 60. Rxf6 Rd8+ 61. Nd6 Kxa4 62. Kc5 Ba8 63. h4 Rh8 64. Rf4+ Ka5 65. b6 Bxf3 66. Rxf3 Rh5+ 67. Kc6 1-0


[Site "https://www.chess.com"]

[Event "Titled Tuesday Blitz April 4 Early 2023"]
[White "Weetik, Vjacheslav"]
[Black "Omariev, Maksim"]
[WhiteFideId "4153472"]
[BlackFideId "4193423"]
[WhiteElo "2469"]
[BlackElo "2424"]
[Result "1-0"]
[Round "01"]
[TimeControl "180+2"]
[Date "2023.04.04"]
[WhiteClock "0:00:10"]
[BlackClock "0:00:01"]

1. d4 h5 2. e4 h4 3. Nf3 h3 4. g3 d5 5. exd5 Qxd5 6. Nc3 Qh5 7. Be2 Bg4 8. Ne5 Bxe2 9. Nxe2 Nc6 10. Nxc6 Qf3 11. Rg1 Qxc6 12. d5 Qd7 13. Be3 Nf6 14. Nc3 Ng4 15. Qe2 Nxe3 16. Qxe3 g6 17. O-O-O Bg7 18. Ne4 b6 19. d6 O-O 20. dxe7 Qxe7 21. Rge1 Rfe8 22. c3 Qe6 23. Kb1 Qf5 24. f3 Re6 25. g4 Qa5 26. Qd3 Rae8 27. Re2 b5 28. g5 Qa4 29. Qc2 Qa5 30. Rde1 b4 31. c4 Qf5 32. Ng3 Qxg5 33. Rxe6 Rxe6 34. Rxe6 fxe6 35. Qe4 Qe5 36. Qd3 c5 37. Qd2 Qd4 38. Qe2 Qg1+ 39. Kc2 Qg2 40. Kd3 Bxb2 41. Ne4 Bd4 42. Kd2 Qxe2+ 43. Kxe2 Kf7 44. Nd6+ Kf6 45. Nc8 a5 46. Nb6 Ke5 47. Nd7+ Kf4 48. Nf8 Kf5 49. Nd7 a4 50. Nb6 a3 51. Na4 g5 52. Kd3 Kf4 53. Kc2 Kxf3 54. Nb6 e5 55. Nd7 e4 56. Nf8 e3 57. Ne6 g4 58. Ng5+ Kf2 59. Ne4+ Kf1 60. Kd3 Kg2 61. Ng3 Kxh2 62. Ne2 Kg2 63. Ke4 h2 64. Nf4+ 1-0


[Site "https://www.chess.com"]

[Event "Titled Tuesday Blitz April 4 Early 2023"]
[White "Harriott, Tyrell"]
[Black "Rohith Krishna S"]
[WhiteFideId "2086484"]
[BlackFideId "46617051"]
[WhiteElo "2107"]
[BlackElo "2270"]
[Result "1-0"]
[Round "01"]
[TimeControl "180+2"]
[Date "2023.04.04"]
[WhiteClock "0:00:08"]
[BlackClock "0:00:03"]

1. d4 Nf6 2. e3 c5 3. c3 e6 4. Bd3 b6 5. f4 Bb7 6. Nf3 Be7 7. Nbd2 O-O 8. O-O d5 9. Ne5 Nbd7 10. Qf3 Re8 11. g4 Nf8 12. g5 N6d7 13. Qh5 Nxe5 14. dxe5 d4 15. cxd4 cxd4 16. e4 g6 17. Qe2 a6 18. a3 b5 19. b4 Qb6 20. Nb3 Rac8 21. Bb2 Red8 22. Rac1 Rb8 23. Qf2 Rd7 24. Bxd4 Rxd4 25. Qxd4 Qxd4+ 26. Nxd4 Rd8 27. Rc7 Rxd4 28. Rxb7 Nd7 29. Bb1 Bd8 30. Rc1 Bb6 31. Kf1 Rd2 32. Rc2 Rd1+ 33. Ke2 Rxb1 34. Rxd7 Rb3 35. Rd3 Rb1 36. Rd6 Bg1 37. Kf3 Rb3+ 38. Kg2 Be3 39. Rxa6 Bxf4 40. h4 Bxe5 41. Ra8+ Kg7 42. Rcc8 h5 43. Rg8+ Kh7 44. Rgf8 Kg7 45. Rfc8 Re3 46. Rc5 Bd4 47. Rxb5 Rxe4 48. Kf3 Rxh4 49. Rb7 e5 50. Rbb8 Rf4+ 51. Ke2 e4 52. b5 h4 53. b6 h3 54. Rh8 f5 55. gxf6+ Rxf6 56. Rxh3 Rxb6 57. a4 Rb2+ 58. Kd1 Rb1+ 59. Kc2 Rb2+ 60. Kc1 Ra2 61. Rb3 Kf6 62. Rb4 Be3+ 63. Kb1 Re2 64. Rxe4 Kf5 65. Ree8 Re1+ 66. Kc2 g5 67. Kd3 Kf4 68. Rf8+ Kg3 69. Rae8 Bf2 70. Rxe1 Bxe1 71. Rf7 g4 72. Ke2 Bb4 73. Rg7 Kh3 74. Rg5 g3 75. Kf3 Be1 76. Rh5# 1-0


[Site "https://www.chess.com"]

[Event "Titled Tuesday Blitz April 4 Early 2023"]
[White "Salimova, Nurgyul"]
[Black "Lach, Aleksandra"]
[WhiteFideId "2915138"]
[BlackFideId "1134299"]
[WhiteElo "2314"]
[BlackElo "2111"]
[Result "1/2-1/2"]
[Round "01"]
[TimeControl "180+2"]
[Date "2023.04.04"]
[WhiteClock "0:00:03"]
[BlackClock "0:00:19"]

1. d4 f5 2. Nc3 Nf6 3. Bg5 d5 4. Bxf6 exf6 5. e3 Be6 6. h4 Nc6 7. Nh3 Bd6 8. Nf4 Bxf4 9. exf4 Qd6 10. Qd2 O-O-O 11. O-O-O a6 12. g3 Rhe8 13. Bh3 g6 14. Rhe1 Kb8 15. Re3 Na5 16. Bf1 Nc6 17. Rde1 Bd7 18. Bg2 Be6 19. Bxd5 Bd7 20. Bxc6 Bxc6 21. Rxe8 Bxe8 22. d5 Bf7 23. Rd1 Qc5 24. a3 Kc8 25. h5 gxh5 26. Qd3 Bg6 27. Qf3 Kb8 28. b4 Qd6 29. Re1 Bf7 30. Rd1 a5 31. Nb5 Qb6 32. c4 Be8 33. Qe3 Qxe3+ 34. fxe3 Bxb5 35. cxb5 axb4 36. axb4 Ka7 37. Kc2 Kb6 38. Kc3 Kxb5 39. Rh1 Rxd5 40. Rxh5 c6 41. Rxh7 b6 42. Rf7 c5 43. bxc5 Rxc5+ 44. Kb3 Rd5 45. Rxf6 Rd3+ 46. Kc2 Rxe3 47. Rxf5+ Kc4 48. g4 Re2+ 49. Kd1 Rg2 50. g5 b5 51. Rf8 b4 52. Rc8+ Kd3 53. Rd8+ Kc3 54. Rc8+ Kd3 55. Rd8+ Kc3 56. Rc8+ Kd3 1/2-1/2


[Site "https://www.chess.com"]

[Event "Titled Tuesday Blitz April 4 Early 2023"]
[White "Chernomordik, Pavel"]
[Black "Nazari, Arad"]
[WhiteFideId "2804530"]
[BlackFideId "12577324"]
[WhiteElo "2193"]
[BlackElo "2242"]
[Result "1-0"]
[Round "01"]
[TimeControl "180+2"]
[Date "2023.04.04"]
[WhiteClock "0:00:22"]
[BlackClock "0:00:06"]

1. e4 c5 2. Nc3 d6 3. f4 g6 4. Nf3 Bg7 5. Bb5+ Bd7 6. Bxd7+ Qxd7 7. O-O e6 8. f5 Ne7 9. fxe6 fxe6 10. Ng5 h6 11. Nf3 O-O 12. d3 Nbc6 13. Be3 Kh7 14. Ne2 Bxb2 15. Rb1 Bg7 16. Qe1 g5 17. Bxg5 Rxf3 18. Rxf3 hxg5 19. Rh3+ Kg6 20. Qg3 e5 21. Qf3 Rh8 22. Rxh8 Bxh8 23. Rf1 Qe6 24. Ng3 g4 25. Qf8 Bf6 26. Qe8+ Qf7 27. Qd7 Nd4 28. Qxg4+ Kh6 29. Qd7 Qg6 30. Qxd6 Bh4 31. Qxe5 Bxg3 32. hxg3 Nec6 33. Qh8+ Qh7 34. Rf6+ 1-0


[Site "https://www.chess.com"]

[Event "Titled Tuesday Blitz April 4 Early 2023"]
[White "Csonka, Balazs"]
[Black "Bas Mas, Jose Joaquin"]
[WhiteFideId "742910"]
[BlackFideId "22219064"]
[WhiteElo "2404"]
[BlackElo "2233"]
[Result "1/2-1/2"]
[Round "01"]
[TimeControl "180+2"]
[Date "2023.04.04"]
[WhiteClock "0:00:01"]
[BlackClock "0:00:10"]

1. d4 d5 2. Bf4 Nf6 3. e3 c5 4. Nf3 Nc6 5. Nbd2 Bf5 6. dxc5 e6 7. Nd4 Bxc5 8. Nxf5 exf5 9. Bd3 g6 10. O-O O-O 11. c3 Re8 12. Bg5 Be7 13. Qb3 Qb6 14. Qxb6 axb6 15. Bxf6 Bxf6 16. Rfd1 h5 17. Bb5 Kg7 18. Nf3 Red8 19. Rd2 h4 20. h3 Ra5 21. Be2 b5 22. Nd4 Bxd4 23. cxd4 b4 24. Bd1 Rda8 25. Bb3 Rb5 26. Rc1 Na5 27. Ba4 Rb6 28. b3 Nc4 29. bxc4 Rxa4 30. cxd5 Rd6 31. Rc5 Kf6 32. Rb5 b6 33. Rb2 Ra5 34. R5xb4 Rdxd5 35. Rxb6+ Kg5 36. Rb7 f6 37. Rf7 Rd6 38. Rc7 Rda6 39. Rcc2 f4 40. Kf1 fxe3 41. fxe3 f5 42. Kf2 Ra3 43. Re2 Re6 44. Rbd2 Rd6 45. e4 fxe4 46. Rxe4 Rda6 47. Re5+ Kf6 48. Ree2 g5 49. Ke1 Rb6 50. Kd1 Rc3 51. Rc2 Rd3+ 52. Red2 Rb1+ 53. Ke2 Rg3 54. Kf2 Ke6 55. d5+ Kd7 56. d6 Rb7 57. Rc7+ Rxc7 58. dxc7+ Kxc7 59. Rd5 Kc6 60. Rf5 Kd6 61. a4 Ke6 62. Rb5 Ra3 63. a5 Kf6 64. Rb6+ Kf5 65. a6 Kf4 66. Rb4+ Kf5 67. Rb5+ Kf4 68. Rb4+ Kf5 69. Rb5+ Kf4 70. Rb6 Ra2+ 71. Kg1 Kg3 72. Rb3+ Kf4 73. Rb4+ Kf5 74. Rb6 Kf4 75. Kh2 Kf5 76. Rc6 Kf4 77. Rf6+ Ke5 78. Rh6 Kf5 79. Kg1 Kf4 80. Rf6+ Ke5 81. Rc6 Kf5 82. Kf1 Kf4 83. Rc4+ Kf5 84. Rc5+ Kf4 85. Rc4+ Kf5 86. Rc6 Kf4 87. Rf6+ Ke5 88. Rh6 Kf5 89. Rd6 Kf4 90. Rd4+ Ke5 91. Rb4 Rxa6 92. Rb5+ Kf4 93. Rb4+ Kf5 94. Rb5+ Kf4 95. Rb4+ 1/2-1/2


[Site "https://www.chess.com"]

[Event "Titled Tuesday Blitz April 4 Early 2023"]
[White "Leve, Nitai"]
[Black "Papasimakopoulos, Alexandros"]
[WhiteFideId "2006898"]
[BlackFideId "4244125"]
[WhiteElo "2144"]
[BlackElo "2359"]
[Result "0-1"]
[Round "01"]
[TimeControl "180+2"]
[Date "2023.04.04"]
[WhiteClock "0:00:03"]
[BlackClock "0:00:13"]

1. e4 e6 2. d4 d5 3. Nd2 Nf6 4. e5 Nfd7 5. f4 c5 6. c3 Nc6 7. Ndf3 cxd4 8. cxd4 a5 9. Kf2 a4 10. g3 a3 11. b3 g6 12. Nh3 Ndb8 13. Kg2 Bd7 14. Nf2 Nb4 15. Ng4 Be7 16. Bd2 N8c6 17. h4 h5 18. Ne3 Qb6 19. Bc3 O-O-O 20. Qd2 Kb8 21. Rh2 Rc8 22. Kh1 Rc7 23. Qe1 Rhc8 24. Nc2 Nxc2 25. Rxc2 Nb4 26. Rcc1 Bb5 27. Bxb4 Bxb4 28. Qd1 Bc3 29. Rab1 Bb2 30. Rxc7 Rxc7 31. Ng5 Bxf1 32. Qxf1 Qxd4 33. Rd1 Qc3 34. Kh2 Qc2+ 35. Kh3 Qf5+ 36. Kh2 Rc2+ 37. Kh1 Qg4 38. Qg1 Qe2 39. Rf1 Bd4 40. Re1 Qd2 41. Rd1 Bxg1 42. Rxd2 Rxd2 43. Kxg1 Rxa2 44. Nxf7 Rb2 0-1


[Site "https://www.chess.com"]

[Event "Titled Tuesday Blitz April 4 Early 2023"]
[White "Horvath, Dominik"]
[Black "Devaev, Alexander"]
[WhiteFideId "1642561"]
[BlackFideId "4169395"]
[WhiteElo "2407"]
[BlackElo "2204"]
[Result "1-0"]
[Round "01"]
[TimeControl "180+2"]
[Date "2023.04.04"]
[WhiteClock "0:00:35"]
[BlackClock "0:00:16"]

1. e4 c6 2. Nf3 d5 3. d3 d4 4. g3 c5 5. Bg2 Nc6 6. O-O e5 7. a4 h6 8. Na3 Nf6 9. Nc4 Qc7 10. c3 Bg4 11. a5 g5 12. Qa4 Bd7 13. Qb3 Be7 14. Bd2 Rb8 15. Rfc1 Be6 16. Qa4 Nd7 17. cxd4 cxd4 18. b4 a6 19. Na3 Qd8 20. b5 axb5 21. Qxb5 Ra8 22. Nc4 Qc7 23. Ncxe5 Ndxe5 24. Nxe5 Qxe5 25. Qxb7 O-O 26. Rxc6 Bf6 27. Qc7 Qb5 28. e5 Bxe5 29. Qb6 Qxd3 30. Rxe6 Rab8 31. Qa6 Rb1+ 32. Rxb1 Qxb1+ 33. Bf1 Bxg3 34. Re1 Qb2 35. hxg3 Qxd2 36. Rb1 Re8 37. Qxh6 Qxa5 38. Rb5 1-0


[Site "https://www.chess.com"]

[Event "Titled Tuesday Blitz April 4 Early 2023"]
[White "Liu, Casper"]
[Black "Oleksiyenko, Mykhaylo"]
[WhiteFideId "1454153"]
[BlackFideId "4152417"]
[WhiteElo "2221"]
[BlackElo "2551"]
[Result "0-1"]
[Round "01"]
[TimeControl "180+2"]
[Date "2023.04.04"]
[WhiteClock "0:00:50"]
[BlackClock "0:00:15"]

1. e4 c5 2. Nf3 Nc6 3. d4 cxd4 4. Nxd4 e5 5. Nxc6 bxc6 6. Nc3 Nf6 7. Be3 Bb4 8. f3 d5 9. exd5 cxd5 10. Bb5+ Bd7 11. Bxd7+ Qxd7 12. a3 Bxc3+ 13. bxc3 O-O 14. O-O Rfc8 15. Qd2 h6 16. Rfb1 Rc4 17. Rb3 Rac8 18. Rab1 d4 19. Bxh6 gxh6 20. Qxh6 Nh7 21. Rb7 Qc6 22. Qh5 Qg6 23. Qxe5 Rxc3 24. Rb8 Rxc2 25. Rxc8+ Rxc8 26. Rd1 Rc2 27. g3 d3 28. Qe8+ Nf8 29. Qd8 Qh5 30. h3 Qxf3 31. Qg5+ Ng6 32. Rd2 Rxd2 33. Qxd2 Qxg3+ 34. Kh1 Qxh3+ 35. Kg1 Qg3+ 36. Kh1 Nf4 37. a4 Qg2+ 38. Qxg2+ Nxg2 39. Kxg2 d2 40. a5 d1=Q 41. a6 Qe2+ 42. Kg3 Qe4 0-1


[Site "https://www.chess.com"]